 Dungeon Crawl Stone Soup version 0.27-a0-1206-g6342a01c75 (webtiles) character file.

Game seed: 17486189647459512041

296148 27snakeeyes612 the Severer (level 20, 0/192 HPs)
             Began as a Naga Fighter on June 5, 2021.
             Was the Champion of Cheibriados.
             Killed from afar by Sojobo (51 damage)
             ... with a bolt of lightning
             ... on level 3 of the Vaults.
             The game lasted 00:58:54 (31013 turns).

27snakeeyes612 the Severer (Naga Fighter)          Turns: 31013, Time: 00:58:54

Health: 0/192      AC: 45    Str: 45    XL:     20   Next: 90%
Magic:  30/30      EV: 11    Int: 27    God:    Cheibriados [******]
Gold:   2304       SH: 20    Dex: 30    Spells: 19/19 levels left

rFire    . . .     SeeInvis +   X - +7 broad axe (venom)
rCold    . . .     Faith    .   Y - +2 kite shield
rNeg     + . .     Spirit   .   t - +8 chain mail of Beassa Keyd {Str+3 Int+4 Stlth-}
rPois    +         Reflect  .   F - +1 helmet
rElec    .         Harm     .   B - +0 cloak
rCorr    +         Rampage  .   U - +0 pair of gloves {Dex+3}
Will     +++++                  N - +10 Black Knight's barding {ponderous, rPois rN+}
Stlth    ++........             k - amulet of Jujoeg {Will+++ Regen+ rCorr Str-4 Int-2}
HPRegen  1.42/turn              J - ring of willpower
MPRegen  0.22/turn              x - +6 ring of strength

@: very slow
A: AC +6, large, see invisible, deformed body, poison resistance, slowness 2,
spit poison 1, naga tail 2
}: 2/15 runes: decaying, gossamer
a: Spit Poison, Renounce Religion, Bend Time, Temporal Distortion, Slouch, Step
From Time


You were on level 3 of the Vaults.
You worshipped Cheibriados.
Cheibriados was exalted by your worship.
You visited 6 branches of the dungeon, and saw 34 of its levels.
You also visited: Bailey and Gauntlet.

You collected 3344 gold pieces.
You spent 1040 gold pieces at shops.

Inventory:

Hand Weapons
 c - the +9 broad axe of the Equator {holy, rF+ SInv}
   (You found it on level 1 of the Spider Nest)

   It has been blessed by the Shining One to cause great damage to the undead
   and demons.
   It protects you from fire.
   It lets you see invisible.
 K - a +2 morningstar of flaming
 R - a +6 eveningstar of protection
 X - a +7 broad axe of venom (weapon)
Missiles
 w - a curare-tipped dart
 E - 7 throwing nets
 Z - 8 atropa-tipped darts
Armour
 b - a +3 plate armour of cold resistance
 t - the +8 chain mail of Beassa Keyd (worn) {Str+3 Int+4 Stlth-}
   (You found it in a bailey)

   It affects your strength (+3).
   It affects your intelligence (+4).
   It makes you less stealthy.
 B - a +0 cloak (worn)
 F - a +1 helmet (worn)
 N - the +10 Black Knight's barding (worn) {ponderous, rPois rN+}
   (You acquired it on level 4 of the Lair of Beasts)

   It protects you from poison.
   It protects you from negative energy.
 U - a +0 pair of gloves of dexterity (worn)
 Y - a +2 kite shield (worn)
Jewellery
 f - a ring of fire
 k - the amulet of Jujoeg (around neck) {Will+++ Regen+ rCorr Str-4 Int-2}
   (You bought it in a shop on level 8 of the Dungeon)

   [amulet of regeneration]

   It affects your strength (-4).
   It affects your intelligence (-2).
   It increases your rate of health regeneration.
   It protects you from acid and corrosion.
   It greatly increases your willpower.
 x - a +6 ring of strength (right hand)
 G - an amulet of reflection
 J - a ring of willpower (left hand)
 L - a ring of ice
 M - a ring of positive energy
 V - a +4 ring of protection
 W - a ring of resist corrosion
Wands
 g - a wand of mindburst (3)
 o - a wand of charming (7)
 s - a wand of polymorph (17)
 y - a wand of digging (4)
 O - a wand of paralysis (7) (quivered)
 Q - a wand of acid (1)
 T - a wand of flame (9)
Scrolls
 a - a scroll of summoning
 m - 9 scrolls of magic mapping
 q - 4 scrolls of enchant armour
 u - 3 scrolls of blinking
 v - 15 scrolls of identify
 z - 2 scrolls of enchant weapon
 C - 2 scrolls of fear
 H - a scroll of silence
 I - 3 scrolls of teleportation
 P - 5 scrolls of amnesia
Potions
 d - 4 potions of might
 e - 12 potions of curing
 h - 4 potions of mutation
 i - 4 potions of ambrosia
 j - a potion of flight
 l - 4 potions of magic
 n - 2 potions of heal wounds
 p - 7 potions of lignification
 r - 5 potions of cancellation
 A - a potion of attraction
 D - a potion of invisibility
 S - a potion of resistance


   Skills:
 + Level 14.5 Fighting
 + Level 18.8(19.1) Axes
 + Level 6.4(14.0) Maces & Flails
 + Level 1.2 Throwing
 + Level 12.5 Armour
 + Level 6.2 Dodging
 * Level 12.2 Stealth
 + Level 14.1 Shields
 - Level 13.5 Invocations
 + Level 3.1 Evocations


You had 19 spell levels left.
You didn't know any spells.
Your spell library contained the following spells:

 Spells                   Type           Power      Damage    Failure   Level
 Animate Skeleton         Necr           0%         N/A       28%         1
 Beastly Appendage        Tmut           0%         N/A       28%         1
 Pain                     Necr           0%         1d4       28%         1
 Sandblast                Erth           0%         2d4       28%         1
 Shock                    Conj/Air       0%         1d3       28%         1
 Blink                    Tloc           N/A        N/A       38%         2
 Passwall                 Tmut/Erth      0%         N/A       38%         2
 Poisonous Vapours        Pois/Air       0%         N/A       38%         2
 Static Discharge         Conj/Air       0%         N/A       38%         2
 Sublimation of Blood     Necr           0%         N/A       38%         2
 Wereblood                Tmut           0%         N/A       38%         2
 Confusing Touch          Hex            0%         N/A       63%         3
 Conjure Flame            Conj/Fire      0%         6-21      63%         3
 Gell's Gravitas          Tloc           0%         N/A       63%         3
 Ignite Poison            Fire/Tmut/Pois 0%         N/A       63%         3
 Lesser Beckoning         Tloc           0%         N/A       63%         3
 Mephitic Cloud           Conj/Pois/Air  0%         N/A       63%         3
 Portal Projectile        Hex/Tloc       0%         N/A       63%         3
 Spider Form              Tmut/Pois      0%         N/A       63%         3
 Stone Arrow              Conj/Erth      0%         3d7       63%         3
 Swiftness                Air            0%         N/A       63%         3
 Teleport Other           Tloc           0%         N/A       63%         3
 Vampiric Draining        Necr           0%         2d6       63%         3
 Airstrike                Air            0%         N/A       95%         4
 Animate Dead             Necr           0%         N/A       95%         4
 Ice Form                 Ice/Tmut       0%         N/A       95%         4
 Passage of Golubria      Tloc           N/A        N/A       95%         4
 Petrify                  Tmut/Erth      0%         N/A       95%         4
 Agony                    Necr           0%         N/A       100%        5
 Alistair's Intoxication  Tmut/Pois      0%         N/A       100%        5
 Hydra Form               Tmut           0%         N/A       100%        5
 Irradiate                Conj/Tmut      0%         3d14      100%        5
 Lee's Rapid Deconstruct  Erth           0%         3d5*      100%        5
 Lightning Bolt           Conj/Air       0%         1d11      100%        5
 Manifold Assault         Tloc           0%         N/A       100%        5
 Metabolic Englaciation   Hex/Ice        0%         N/A       100%        5
 Summon Forest            Summ/Tloc      0%         N/A       100%        5
 Summon Mana Viper        Hex/Summ       0%         N/A       100%        5
 Yara's Violent Unravell  Hex/Tmut       0%         3d3       100%        5
 Dispersal                Tloc           0%         N/A       100%        6
 Eringya's Noxious Bog    Tmut/Pois      0%         N/A       100%        6
 Freezing Cloud           Conj/Ice/Air   0%         6-21      100%        6
 Shadow Creatures         Summ           N/A        N/A       100%        6
 Summon Hydra             Summ           0%         N/A       100%        7
 Disjunction              Tloc           0%         N/A       100%        8


Dungeon Overview and Level Annotations

Branches:
Dungeon (15/15)            Temple (0/1) D:4            Lair (6/6) D:10
  Swamp (4/4) Lair:2       Spider (4/4) Lair:4        Slime (0/5) Lair:6
    Orc (2/2) D:12            Elf (0/3) Orc:2        Vaults (3/5) D:13
 Depths (0/5) D:15         Bailey (visited)         Gauntlet (visited)
  Crypt: Vaults:2-3

Altars:
Ashenzari
Cheibriados
Dithmenos
Elyvilon
Fedhas
Gozag
Okawaru
Ru
Trog
Wu Jian
Xom
Yredelemnul
The Shining One
Beogh

Shops:
D:2 ((   D:4 [   D:8 =[   Orc:2 ?!*!*(*=   Vaults:1 *!

Annotations:
Lair:1 exclusion: 2 oklob plants
Lair:2 2 transporters, Edduzul's ghost, journeyman GnAr
Orc:2 1 runed translucent door, Morbidden's ghost, journeyman DsCj
Vaults:3 Sojobo


Innate Abilities, Weirdness & Mutations

Your serpentine skin is tough. (AC +6)
You have supernaturally acute eyesight. (SInv)
Armour fits poorly on your strangely shaped body.
Your system is resistant to poisons. (rPois)
You cover ground very slowly.
You can spit poison.
You can use your snake-like lower body to constrict enemies.


Message History

The bolt of fire hits you!!
Sojobo conjures a fierce blast of wind!
You are blown backwards!
The tengu reaver points at you and mumbles some strange words.
The bolt of poison misses you.
Sojobo waves her feathered arms in wide circles.
The air twists around and strikes you.
There is an open door here.
The tengu reaver hits you with a +3 war axe!!
You block the tengu reaver's attack. x2
Sojobo gestures wildly while chanting.
The tengu reaver casts a spell at you. The bolt of acid misses you.
The tengu reaver casts a spell at you. The bolt of cold hits you!!
Sojobo conjures a fierce blast of wind!
You are blown backwards!
There is an open door here.
A vortex of raging winds appears around the air elemental! x3
You block the air elemental's attack. x2
The tengu reaver hits you with a +3 war axe.
The tengu reaver pecks you but does no damage.
You block the tengu reaver's attack. The air elemental barely misses you.
You block Sojobo's attack. Sojobo pecks you but does no damage.
Sojobo claws you!
The tengu reaver hits you but does no damage.
The tengu reaver pecks you but does no damage.
You block the tengu reaver's attack. The air elemental barely misses you.
Sojobo hits you with a +1 great sword of electrocution!
Sojobo pecks you but does no damage. Sojobo claws you but does no damage.
The tengu reaver points at you and mumbles some strange words.
The bolt of cold hits you!!
The tengu reaver points at you and mumbles some strange words.
The bolt of acid hits you. You resist.
* * * LOW HITPOINT WARNING * * *
You are splashed with acid.
You resist.
* * * LOW HITPOINT WARNING * * *
You block the air elemental's attack. Sojobo casts a spell at you.
The bolt of lightning hits you!!!
You die...

##.....###........#
#..... ##...##
#........# #.....
##.....###........#
#.....
#..#.#..##....>...
######
#.##.##.##........
####.#####........
##'#####........
#......'.E......
#......#@QE.....
#......#QQ......
#......#E.......
#......#........
#......#........
#......#........
#......#........
#........


You could see Sojobo (repels missiles), 2 tengu reavers and 3 air elementals.

Vanquished Creatures
  Mara (Swamp:3)
  the Lernaean hydra (Swamp:4)
  Nikola (Vaults:2)
  Jorgrun (Spider:2)
  A tentacled monstrosity (Swamp:4)
  Rupert (Lair:4)
  Frances (Spider:2)
  Agnes (Spider:1)
  2 sphinxes
  Kirke (Lair:5)
  Donald (Spider:1)
  3 fire giants
  A revenant (Vaults:3)
  A fenstrider witch (Swamp:1)
  10 vault wardens
  Aizul (Vaults:1)
  4 ghost moths
  8 emperor scorpions
  3 ghouls (Swamp:2)
  7 ironbound preservers
  A stone giant (Vaults:2)
  6 very ugly things
  5 entropy weavers
  Nessos (Lair:4)
  A minotaur (Gauntlet)
  5 dire elephants
  A bunyip (Swamp:1)
  A spark wasp (Spider:2)
  2 eleionomae
  7 yaktaur captains
  Josephine (D:10)
  2 ettins
  A fire dragon (D:14)
  9 vault guards
  28 hydras
  Harold (Lair:2)
  A great orb of eyes (Vaults:3)
  2 ghost crabs
  6 ironbound thunderhulks
  2 ice dragons (D:15)
  2 peacekeepers
  6 boulder beetles
  A spriggan air mage (Swamp:1)
  5 catoblepae
  16 centaur warriors
  7 ironbound frosthearts
  2 two-headed ogres
  A death knight (D:14)
  A tengu warrior (D:15)
  5 alligators
  12 death yaks (Lair:6)
  A spriggan berserker (Swamp:2)
  8 ironbound beastmasters
  An orc high priest (Orc:1)
  Sonja (D:11)
  2 goliath frogs
  6 skeletal warriors
  8 swamp dragons
  4 spriggan druids
  15 deep trolls
  7 wizards
  2 orc knights
  10 lindwurms
  2 bog bodies (Swamp:1)
  6 ironbound convokers
  3 deep elf pyromancers
  24 ugly things
  An orb spider (shapeshifter) (D:14)
  2 harpies
  A moth of wrath (Spider:1)
  7 orc sorcerers (Orc:2)
  9 cyclopes
  27 wolf spiders
  7 manticores
  4 will-o-the-wisps
  15 orb spiders
  Maurice (D:11)
  6 black mambas
  Joseph (D:10)
  15 elephants
  A torpor snail (Gauntlet)
  14 cane toads
  Maggie (D:10)
  14 vault sentinels
  2 cane toads (shapeshifter) (D:14)
  3 rime drakes
  A freezing wraith (D:15)
  19 komodo dragons
  31 yaktaurs
  Psyche (D:11)
  12 demonic crawlers
  A queen bee (shapeshifter) (D:14)
  26 jumping spiders
  7 trolls
  17 hornets
  Prince Ribbit (D:9)
  3 tyrant leeches
  15 slime creatures
  19 blink frogs
  2 meliai zombies (D:11)
  A centaur simulacrum (D:14)
  15 tarantellas
  41 redbacks
  2 shadows (D:11)
  A ynoxinul (Gauntlet)
  A vampire (D:9)
  11 spriggans
  5 wraiths (D:10)
  Sigmund (D:6)
  2 wyverns
  7 hogs (Lair:5)
  61 yaks
  A basilisk (D:15)
  A vampire mosquito (D:13)
  11 wargs
  22 swamp worms
  A swamp worm (shapeshifter) (Vaults:2)
  A water moccasin (shapeshifter) (D:15)
  An acid dragon (D:11)
  13 water moccasins
  7 swamp drakes
  23 orc warriors
  10 ice beasts
  2 black bears
  A hornet zombie (D:8)
  2 necrophages
  4 ogres
  A sky beast (D:4)
  4 boggarts (Vaults:1)
  7 centaurs
  3 kobold brigands
  18 bullfrogs
  3 scorpions
  A wyvern zombie (D:7)
  2 gnoll sergeants
  A wyvern skeleton (D:6)
  10 killer bees
  9 wights
  5 electric eels
  2 howler monkeys (D:13)
  3 centaur zombies
  4 iron imps (Gauntlet)
  3 hounds
  11 orc priests
  A jelly (D:7)
  3 iguanas
  46 orc wizards
  A killer bee zombie (D:6)
  2 hound skeletons
  A howler monkey zombie (D:8)
  18 adders
  8 gnolls
  A shadow imp (D:7)
  4 white imps
  2 ufetubi
  A worm (D:4)
  A dart slug (D:3)
  93 orcs
  10 endoplasms
  5 giant cockroaches
  9 hobgoblins
  6 jackals
  2 quokkas
  7 ball pythons
  2 bats
  3 frilled lizards
  10 goblins
  A jackal skeleton (D:4)
  20 kobolds
  5 rats
  A spectral orc (D:5)
1175 creatures vanquished.

Vanquished Creatures (collateral kills)
  A two-headed ogre (D:9)
1 creature vanquished.

Vanquished Creatures (others)
  An eleionoma (Swamp:4)
  A centaur warrior (Vaults:2)
  A wizard (Vaults:3)
  An ironbound convoker (Vaults:2)
  A bloated husk (Swamp:4)
  5 redbacks (Spider:2)
  An orc wizard (D:13)
  An orc (D:8)
  38 foxfires
  42 fungi
  102 plants
  2 withered plants (Orc:2)
196 creatures vanquished.

Grand Total: 1372 creatures vanquished

Notes
Turn   | Place    | Note
-------+----------+-------------------------------------------
     0 | D:1      | 27snakeeyes612 the Naga Fighter began the quest for the
                  | Orb.
     0 | D:1      | Reached XP level 1. HP: 21/21 MP: 1/1
   361 | D:1      | Reached XP level 2. HP: 11/28 MP: 2/2
   783 | D:2      | Found Pecanef's Weapon Boutique.
   799 | D:2      | Reached XP level 3. HP: 28/34 MP: 3/3
  1160 | D:2      | Found Puuwirat's Weapon Shoppe.
  1186 | D:2      | Found a faded altar of an unknown god.
  1455 | D:3      | Reached XP level 4. HP: 38/44 MP: 4/4
  1500 | D:3      | Found a snail-covered altar of Cheibriados.
  1644 | D:3      | Became a worshipper of Cheibriados the Contemplative
  2846 | D:4      | Found Ykexom's Antique Armour Shop.
  2863 | D:4      | Reached skill level 3 in Axes
  2895 | D:4      | Reached XP level 5. HP: 47/50 MP: 5/5
  3125 | D:3      | Noticed a water moccasin
  3136 | D:3      | Killed a water moccasin
  3136 | D:3      | Reached * piety under Cheibriados
  3137 | D:3      | Reached skill level 1 in Invocations
  3137 | D:3      | Reached XP level 6. HP: 41/57 MP: 5/7
  3206 | D:4      | Noticed a sky beast
  3217 | D:4      | Killed a sky beast
  3218 | D:4      | Reached skill level 1 in Dodging
  3236 | D:4      | Found a staircase to the Ecumenical Temple.
  3286 | D:4      | Reached skill level 4 in Axes
  3502 | D:4      | Found an iron altar of Okawaru.
  3867 | D:5      | Entered Level 5 of the Dungeon
  3942 | D:5      | Reached ** piety under Cheibriados
  3943 | D:5      | Reached XP level 7. HP: 62/64 MP: 8/8
  3977 | D:5      | Reached skill level 1 in Stealth
  4043 | D:5      | Found a basalt altar of Yredelemnul.
  4116 | D:5      | Found a blossoming altar of Fedhas.
  4217 | D:5      | Found a white marble altar of Elyvilon.
  4221 | D:5      | Found a shadowy altar of Dithmenos.
  4333 | D:5      | Found a glowing golden altar of the Shining One.
  4354 | D:5      | Reached skill level 5 in Axes
  4354 | D:5      | Reached XP level 8. HP: 73/73 MP: 10/10
  4521 | D:5      | Reached *** piety under Cheibriados
  4649 | D:6      | Noticed Sigmund
  4653 | D:6      | Killed Sigmund
  4877 | D:6      | Reached skill level 6 in Axes
  5178 | D:6      | Reached XP level 9. HP: 67/80 MP: 9/12
  5337 | D:7      | Reached **** piety under Cheibriados
  5342 | D:7      | Reached skill level 5 in Fighting
  5380 | D:7      | Reached skill level 5 in Armour
  5497 | D:7      | Reached skill level 5 in Invocations
  5729 | D:7      | Reached skill level 7 in Axes
  5752 | D:7      | Noticed a troll
  5767 | D:7      | Killed a troll
  5958 | D:7      | Noticed a komodo dragon
  5970 | D:7      | Killed a komodo dragon
  6015 | D:7      | Found a sacrificial altar of Ru.
  6154 | D:7      | Reached skill level 5 in Shields
  6272 | D:7      | Reached XP level 10. HP: 67/88 MP: 14/14
  6493 | D:8      | Found Gylegetu's Armour Shoppe.
  6591 | D:8      | Found a bloodstained altar of Trog.
  6607 | D:8      | Found an opulent altar of Gozag.
  6637 | D:8      | Reached skill level 8 in Axes
  6671 | D:8      | Found Gixun's Jewellery Shoppe.
  6995 | D:9      | Noticed a two-headed ogre
  7009 | D:9      | Killed a two-headed ogre
  7181 | D:9      | Found a flagged portal.
  7188 | Bailey   | Entered a bailey
  7222 | Bailey   | Identified the +8 chain mail of Beassa Keyd {Str+3 Int+4
                  | Stlth-}
  7276 | Bailey   | Found a burning altar of Makhleb.
  7392 | D:9      | Noticed Prince Ribbit
  7405 | D:9      | Killed Prince Ribbit
  7502 | D:9      | Reached ***** piety under Cheibriados
  7754 | D:9      | Found an ornate altar of the Wu Jian Council.
  7916 | D:10     | Entered Level 10 of the Dungeon
  7982 | D:10     | Noticed Maggie
  8004 | D:10     | Killed Maggie
  8025 | D:10     | Reached skill level 9 in Axes
  8025 | D:10     | Reached XP level 11. HP: 80/97 MP: 16/16
  8071 | D:10     | Found a broken altar of Ashenzari.
  8106 | D:10     | Noticed Joseph
  8115 | D:10     | Killed Joseph
  8201 | D:10     | Noticed Josephine
  8210 | D:10     | Killed Josephine
  8227 | D:10     | Found a shimmering altar of Xom.
  8406 | D:10     | Found a staircase to the Lair.
  8597 | D:11     | Noticed Sonja
  8891 | D:11     | Killed Sonja
  8892 | D:11     | Reached skill level 10 in Axes
  8944 | D:11     | Noticed Psyche
  8949 | D:11     | Killed Psyche
  9309 | D:11     | Noticed a purple ugly thing
  9322 | D:11     | Killed a purple ugly thing
  9482 | D:11     | Noticed a two-headed ogre
  9483 | D:11     | Noticed Maurice
  9490 | D:11     | Killed a two-headed ogre
  9491 | D:11     | Reached XP level 12. HP: 90/109 MP: 15/18
  9500 | D:11     | Killed Maurice
 10110 | D:12     | Noticed a six-headed hydra
 10117 | D:12     | Killed a six-headed hydra
 10118 | D:12     | Reached skill level 1 in Evocations
 10231 | D:12     | Noticed a four-headed hydra
 10232 | D:12     | Reached skill level 11 in Axes
 10382 | D:12     | Noticed a boulder beetle
 10407 | D:12     | Killed a boulder beetle
 10613 | D:12     | Found a staircase to the Orcish Mines.
 10809 | D:12     | Killed a nine-headed hydra
 11143 | Lair:1   | Entered Level 1 of the Lair of Beasts
 11191 | Lair:1   | Reached skill level 1 in Throwing
 11263 | Lair:1   | You fall into a shaft and drop 1 floor!
 11264 | Lair:2   | Found a transporter.
 11264 | Lair:2   | Noticed Edduzul's ghost (journeyman GnAr)
 11266 | Lair:2   | Noticed a catoblepas
 11277 | Lair:2   | Noticed Harold
 11292 | Lair:2   | Killed Harold
 11293 | Lair:2   | Reached skill level 10 in Invocations
 11368 | Lair:1   | Noticed a four-headed hydra
 11384 | Lair:1   | Killed a 15-headed hydra
 11465 | Lair:1   | Noticed a six-headed hydra
 11739 | Lair:1   | Killed an 11-headed hydra
 11740 | Lair:1   | Gained mutation: You can use your snake-like lower body to
                  | constrict enemies. [Naga growth]
 11740 | Lair:1   | Reached XP level 13. HP: 86/117 MP: 20/20
 12603 | Lair:2   | Found a staircase to the Swamp.
 12753 | Lair:2   | Found a transporter.
 13006 | Lair:2   | Reached skill level 12 in Axes
 13125 | Lair:2   | Identified a scroll of acquirement
 13125 | Lair:2   | Acquired a +0 barding of flying
 13267 | D:8      | Bought the amulet of Jujoeg {Will+++ Regen+ rCorr Str-4
                  | Int-2} for 576 gold pieces
 13827 | Lair:3   | Reached skill level 1 in Maces & Flails
 14198 | Lair:3   | Reached XP level 14. HP: 127/127 MP: 22/22
 14468 | Lair:4   | Noticed Rupert
 14487 | Lair:4   | Killed Rupert
 14488 | Lair:4   | Reached skill level 13 in Axes
 14634 | Lair:4   | Found a hole to the Spider Nest.
 14972 | Lair:4   | Noticed Nessos
 15029 | Lair:4   | Acquired the +10 Black Knight's barding {ponderous, rPois
                  | rN+}
 15030 | Lair:4   | Found the +10 Black Knight's barding {ponderous, rPois rN+}
 15121 | Lair:4   | Killed Nessos
 15363 | Lair:5   | Noticed Kirke
 15382 | Lair:5   | Killed Kirke
 15466 | Lair:5   | Found a gate leading to a gauntlet.
 15495 | Gauntlet | Entered a Gauntlet
 15495 | Gauntlet | Found a transporter.
 15495 | Gauntlet | Found a transporter.
 15496 | Gauntlet | Found a transporter.
 15499 | Gauntlet | Found a transporter.
 15499 | Gauntlet | Found a transporter.
 15499 | Gauntlet | Found a transporter.
 15509 | Gauntlet | Found a transporter.
 15513 | Gauntlet | Found a transporter.
 15523 | Gauntlet | Found a transporter.
 15524 | Gauntlet | Found the ring of Shadows {Umbra +Inv Stlth+}
 15626 | Gauntlet | Found a transporter.
 15628 | Gauntlet | Found a transporter.
 15640 | Gauntlet | Found a transporter.
 15820 | Gauntlet | Identified the +6 flail of Gistit {freeze, *Slow Fragile
                  | rC+++ Str+2}
 15949 | Lair:5   | You fall into a shaft and drop 1 floor!
 15949 | Lair:6   | Entered Level 6 of the Lair of Beasts
 15987 | Lair:6   | Reached ****** piety under Cheibriados
 16098 | Lair:6   | Reached XP level 15. HP: 138/138 MP: 24/24
 16112 | Lair:6   | Found a staircase to the Slime Pits.
 16336 | Lair:6   | Reached skill level 14 in Axes
 16524 | Lair:6   | Reached skill level 10 in Fighting
 17493 | D:13     | Found a gate to the Vaults.
 18386 | D:14     | Reached skill level 10 in Armour
 18436 | D:14     | Reached XP level 16. HP: 124/148 MP: 26/26
 18458 | D:14     | Reached skill level 10 in Shields
 19131 | D:14     | Reached skill level 15 in Axes
 19236 | D:15     | Entered Level 15 of the Dungeon
 19908 | D:15     | Found a staircase to the Depths.
 20148 | Orc:1    | Entered Level 1 of the Orcish Mines
 20316 | Orc:2    | Entered Level 2 of the Orcish Mines
 20425 | Orc:2    | Found Qyg Save's Distillery.
 20431 | Orc:2    | Found Ynegho's General Store.
 20454 | Orc:2    | Bought a potion of lignification for 48 gold pieces
 20454 | Orc:2    | Bought 2 potions of heal wounds for 160 gold pieces
 20454 | Orc:2    | Bought a potion of lignification for 48 gold pieces
 20529 | Orc:2    | Found Esu Veto's Magic Scroll Shoppe.
 20540 | Orc:2    | Bought a scroll of magic mapping for 42 gold pieces
 20642 | Orc:2    | Found Jopp's Distillery.
 20642 | Orc:2    | Found Romy's Assorted Antiques.
 20743 | Orc:2    | Found Raguemimu's Jewellery Shop.
 20748 | Orc:2    | Found Hiomorapt's Antique Weapon Emporium.
 20757 | Orc:2    | Found Ungitoed's General Store.
 20769 | Orc:2    | Bought a scroll of teleportation for 36 gold pieces
 20769 | Orc:2    | Bought a scroll of magic mapping for 42 gold pieces
 20769 | Orc:2    | Bought a scroll of teleportation for 36 gold pieces
 20914 | Orc:2    | Found a staircase to the Elven Halls.
 21012 | Orc:2    | Found a runed translucent door.
 21012 | Orc:2    | Noticed Morbidden's ghost (journeyman DsCj)
 21381 | Spider:1 | Entered Level 1 of the Spider Nest
 21389 | Spider:1 | Noticed Donald
 21410 | Spider:1 | Killed Donald
 21774 | Spider:1 | Identified the +9 broad axe of the Equator {holy, rF+ SInv}
 21837 | Spider:1 | Reached XP level 17. HP: 157/157 MP: 27/27
 22485 | Spider:2 | Reached skill level 16 in Axes
 22490 | Spider:2 | Noticed Frances
 22502 | Spider:2 | Killed Frances
 22504 | Spider:2 | Noticed Jorgrun
 22505 | Spider:2 | Noticed Agnes
 22521 | Spider:1 | Killed Agnes
 22631 | Spider:2 | Killed Jorgrun
 22733 | Spider:2 | Reached skill level 5 in Dodging
 24040 | Spider:4 | Entered Level 4 of the Spider Nest
 24106 | Spider:4 | Found the +9 staff of Wucad Mu {*channel}
 24694 | Spider:4 | Reached XP level 18. HP: 129/168 MP: 1/28
 24894 | Spider:4 | Reached skill level 17 in Axes
 24954 | Spider:4 | Got a gossamer rune of Zot
 25198 | Swamp:1  | Entered Level 1 of the Swamp
 26586 | Swamp:3  | Noticed Mara
 26601 | Swamp:3  | Killed Mara
 26919 | Swamp:4  | Entered Level 4 of the Swamp
 27031 | Swamp:4  | Reached skill level 5 in Maces & Flails
 27068 | Swamp:4  | Noticed the 27-headed Lernaean hydra
 27186 | Swamp:4  | Got a decaying rune of Zot
 27417 | Swamp:4  | Noticed a tentacled monstrosity
 27426 | Swamp:4  | Killed a tentacled monstrosity
 27427 | Swamp:4  | Reached XP level 19. HP: 162/178 MP: 29/29
 27439 | Swamp:4  | Killed the 27-headed Lernaean hydra
 27440 | Swamp:4  | Reached skill level 5 in Stealth
 27913 | Vaults:1 | Entered Level 1 of the Vaults
 27913 | Vaults:1 | Found Pagaub's Distillery.
 28615 | Vaults:1 | Identified the ring of Tuaff {Fly rPois rC- Int+3}
 28844 | Vaults:1 | Noticed Aizul
 28854 | Vaults:1 | Killed Aizul
 28855 | Vaults:1 | Reached skill level 18 in Axes
 28923 | Vaults:1 | Found Quwouddi's General Store.
 28932 | Vaults:1 | Bought a scroll of magic mapping for 52 gold pieces
 29320 | Vaults:2 | Identified the +1 pair of gloves "Topnaliq" {rElec Dex-3
                  | SInv Stlth+}
 29320 | Vaults:2 | Noticed Nikola
 29333 | Vaults:2 | Killed Nikola
 29339 | Vaults:2 | HP: 5/180 [stone giant (27)]
 29566 | Vaults:2 | Reached XP level 20. HP: 165/189 MP: 30/30
 29571 | Vaults:2 | Reached skill level 10 in Stealth
 31010 | Vaults:3 | Noticed Sojobo
 31013 | Vaults:3 | Killed from afar by Sojobo

Illustrated notes

Levels and vault maps discovered:
D:1:      matt_arrival_los_fun, layout_basic
D:2:      layout_basic, serial_shops, shop_fountains, nicolae_shop_crystal,
          hellmonk_ecumenical_altar_arch_garden, minmay_pentomino_q2
D:3:      minmay_general_purpose_star, layout_loops_corners,
          lemuel_doored_altar, grunt_ministairs_1
D:4:      layout_basic, lemuel_round_altar, minmay_temple_entry_glass,
          serial_shops, shop, minivault_26, minmay_cut_off
D:5:      layout_rooms, yredelemnul_forgotten_temple_becter, fedhas_altar_2,
          lemuel_tele_altar, gammafunk_temple_overflow_statue
D:6:      layout_basic, serial_glass, glass_columns_a, glass_columns_a,
          glass_columns_a, feat_on_display, item_on_display_a, feat_on_display,
          feat_on_display, lightli_minifort, uniq_sigmund
D:7:      layout_basic, marbit_many_paths
D:8:      layout_cave_pools, overflow_temple_1_default, grunt_gozag_breadcrumbs,
          serial_shops, shop_statue, shop, chequers_big_river,
          minmay_misc_feat_rows
D:9:      layout_loops_ring, pdpol_wu_jian_five_deadly_venoms, enter_bailey_2,
          uniq_prince_ribbit1
D:10:     layout_roguey, kennysheep_mini, xom_teletrap_fun, lair_entry_dummy,
          uniq_maggie, uniq_joseph, uniq_josephine
D:11:     layout_small_grid, moated_statue, grunt_ministairs_10, uniq_maurice,
          uniq_psyche, uniq_sonja
D:12:     layout_stronghold, orc_0_dummy
D:13:     layout_stronghold, lightli_vaults_fourway_checkpoint
D:14:     minmay_crescents, layout_basic,
          hangedman_abyss_or_decor_jellyfish_corner
D:15:     grunt_enter_depths_hoard, layout_basic, grunt_decor_arrowhead,
          chequers_serial_rivers_micro_a, einodemon_crawler_minivault
Lair:1:   layout_gridlike, portal_ice_cave_entry_ice_beasts, grunt_megastairs_1,
          minmay_lair_oklob_chamber
Lair:2:   minmay_lair_venomous_thicket, layout_loops_ring, swamp_mist,
          gammafunk_ghost_arena, st_stairs_4, grunt_forest_small_clearings,
          serial_bayou_shore_b, uniq_harold
Lair:3:   layout_concentric_octagons, grunt_megastairs_4, lemuel_fruit_fields
Lair:4:   layout_regular_city, dummy_spider_entry, serial_bayou_pond_e,
          grunt_megastairs_5, uniq_nessos, uniq_rupert
Lair:5:   layout_cave_pods, gauntlet_entry_generic, infiniplex_staircase_pool,
          lemuel_fruit_tree, uniq_kirke
Lair:6:   evilmike_catoblepas_cave, layout_misc_corridors, slime_dummy,
          chequers_serial_rivers_micro_e
Swamp:1:  layout_basic_swamp, serial_swamp_ruin, evilmike_swamp_ruin_house_1,
          evilmike_swamp_ruin_rubble_2, swamp_pool1, nicolae_swamp_spriggan_camp
Swamp:2:  layout_basic_swamp, evilmike_swamp_ruin_wall
Swamp:3:  layout_falls_marsh, evilmike_swamp_ruin_house_6, uniq_mara
Swamp:4:  swamp_old_school, layout_basic_swamp
Spider:1: layout_spider_delve, uniq_donald
Spider:2: layout_spider_delve, uniq_agnes, uniq_jorgrun, uniq_frances
Spider:3: layout_spider_delve
Spider:4: guppyfry_spider_rune
Orc:1:    layout_caves
Orc:2:    st_orc_town, layout_caves, serial_shops,
          nicolae_shop_overgrown_old_shop, shop_fountains, shop, shop,
          gammafunk_ghost_grave
Vaults:1: v_misc_5, hangedman_vaults_unwind, vaults_room_mumra_shop_pool,
          ontoclasm_vaults_claustrophobia, v_rooms_1,
          nicolae_vaults_fighting_squares, ontoclasm_vaults_shuriken,
          v_alt_pattern_6, nicolae_vaults_little_squares_6,
          nicolae_vaults_border_crossing, vaults_room_fours, layout_vaults_ring,
          serial_shops, shop, uniq_aizul
Vaults:2: vaults_room_fours, v_misc_11, grunt_vaults_diagonal,
          vaults_mumra_minichess, hangedman_vaults_nails, vaults_room_pools,
          nicolae_vaults_stairing_the_circle, v_pattern_5,
          nicolae_vaults_little_squares_4, hangedman_vaults_stretched_pinwheel,
          nicolae_vaults_halls_meeting, layout_vaults_omnibox, uniq_nikola
Vaults:3: ontoclasm_vaults_ring_square, nicolae_vaults_shelves_hall,
          vaults_room_grid, minmay_crypt_entry_simple_plaza, v_alt_pattern_4,
          nicolae_vaults_rhombus_6, st_octagons_2, v_misc_1,
          nicolae_vaults_ring_of_whatevers, v_alt_pattern_5,
          nicolae_vaults_asterisk, ontoclasm_vaults_loading_screen,
          nicolae_vaults_three_branches, layout_vaults_omnicross, uniq_sojobo

Skill      XL: |  1  2  3  4  5  6  7  8  9 10 11 12 13 14 15 16 17 18 19 20 |
---------------+-------------------------------------------------------------+-----
Armour         | 3 4 5 6 7 8 9 10 11 12 | 12.5
Axes           | 3 4 5 6 7 9 10 11 12 13 14 15 16 17 18 | 18.8
Fighting       | 4 5 6 7 8 9 10 11 12 13 14 | 14.5
Invocations    | 1 2 3 4 6 7 8 10 11 12 13 | 13.5
Dodging        | 1 2 3 4 5 6 |  6.2
Stealth        | 1 2 3 4 9 12 | 12.2
Shields        | 3 4 5 6 7 8 9 10 12 13 14 | 14.1
Evocations     | 1 2 3 |  3.1
Throwing       | 1 |  1.2
Maces & Flails | 1 3 4 6 |  6.4

Action                   |  1- 3 |  4- 6 |  7- 9 | 10-12 | 13-15 | 16-18 | 19-21 || total
-------------------------+-------+-------+-------+-------+-------+-------+-------++-------
Melee: War axe           |    54 |   192 |   346 |   536 |   659 |    21 |       ||  1808
       Hand axe          |       |       |       |    99 |       |       |       ||    99
       Constrict         |       |       |       |       |   133 |   192 |   107 ||   432
       Morningstar       |       |       |       |       |    67 |    26 |       ||    93
       Broad axe         |       |       |       |       |       |   847 |   542 ||  1389
       Eveningstar       |       |       |       |       |       |   100 |    16 ||   116
Throw: Dart              |       |       |       |    14 |     3 |       |       ||    17
       Throwing net      |       |       |       |     2 |       |       |       ||     2
Invok: Bend Time         |       |       |    11 |    27 |     8 |    15 |     3 ||    64
       Step From Time    |       |       |       |     2 |       |       |       ||     2
       Slouch            |       |       |       |       |     3 |       |       ||     3
       Temporal Distorti |       |       |       |       |     2 |       |       ||     2
 Abil: Spit Poison       |    24 |     2 |     1 |     1 |       |       |       ||    28
Evoke: Wand              |       |       |     3 |    28 |       |    42 |       ||    73
  Use: Scroll            |       |     7 |     3 |    15 |    12 |     8 |     8 ||    53
       Potion            |       |       |     1 |     2 |     3 |     5 |     4 ||    15
 Stab: Confused          |       |       |       |     1 |       |       |       ||     1
       Held in net/web   |       |       |       |     1 |       |       |       ||     1
       Petrified         |       |       |       |       |    15 |       |       ||    15
       Petrifying        |       |       |       |       |     1 |       |       ||     1
       Paralysed         |       |       |       |       |       |     5 |       ||     5
       Distracted        |       |       |       |       |       |     1 |       ||     1
Armor: Scale mail        |    27 |    97 |   154 |    56 |       |       |       ||   334
       Chain mail        |       |       |       |   401 |   720 |  1188 |   349 ||  2658
Dodge: Dodged            |    12 |    48 |    94 |   237 |   244 |   563 |   156 ||  1354
Block: Kite shield       |    29 |    96 |   240 |   547 |   584 |  1348 |   504 ||  3348

Table legend: (Time is in decaauts)
 A = Elapsed time spent in this place.
 B = Non-inter-level travel time spent in this place.
 C = Inter-level travel time spent in this place.
 D = Time resting spent in this place.
 E = Time spent auto-exploring this place.
 F = Levels seen in this place.
 G = Mean time per level.
                   A        B        C        D        E       F      G
               +--------+--------+--------+--------+--------+-----+--------+
         Total |  65084 |  59814 |   5270 |   1902 |  47267 |  36 | 1807.9 |
       Dungeon |  28679 |  25450 |   3229 |   1175 |  20356 |  15 | 1911.9 |
          Lair |  10679 |   9780 |    899 |     85 |   7887 |   6 | 1779.8 |
         Swamp |   6624 |   6415 |    209 |     65 |   5314 |   4 | 1656.0 |
   Spider Nest |   8553 |   8032 |    521 |    475 |   6061 |   4 | 2138.2 |
  Orcish Mines |   2806 |   2543 |    263 |      0 |   2120 |   2 | 1403.0 |
        Vaults |   6559 |   6412 |    147 |    101 |   5097 |   3 | 2186.3 |
        Bailey |    209 |    209 |      0 |      0 |      0 |   1 |  209.0 |
      Gauntlet |    971 |    971 |      0 |      0 |    429 |   1 |  971.0 |
               +--------+--------+--------+--------+--------+-----+--------+

Top non-repeatable levels by time:
Vaults:2: 2975 daAuts
    D:12: 2834 daAuts
    D:13: 2787 daAuts
Vaults:1: 2734 daAuts
Spider:1: 2640 daAuts
    D:10: 2598 daAuts
Spider:3: 2567 daAuts
     D:3: 2420 daAuts
  Lair:6: 2363 daAuts
    D:14: 2361 daAuts
Spider:4: 2276 daAuts
  Lair:1: 2245 daAuts
 Swamp:4: 2198 daAuts
   Orc:2: 2128 daAuts
    D:11: 2122 daAuts
